 Seeded DCSS version 0.30-a0-591-g3c58d2bc28 (webtiles) character file.

Game seed: 13662384745932578237 (custom seed)

1369 purpskrrrp the Shooter (level 8, -2/67 HPs)
             Began as a Demigod Hunter on Jan 6, 2023.
             Slain by an orc warrior
             ... wielding a +0 flail
              (11 damage)
             ... on level 6 of the Dungeon.
             The game lasted 00:13:34 (5648 turns).

purpskrrrp the Shooter (Demigod Hunter)             Turns: 5648, Time: 00:13:35

Health: -2/67      AC:  6    Str: 12    XL:     8   Next: 15%
Magic:  7/13       EV: 15    Int: 23    God:
Gold:   237        SH:  0    Dex: 25    Spells: 7/10 levels left

rFire   . . .      SeeInvis .    a - +0 shortbow
rCold   . . .      Faith    .    (shield currently unavailable)
rNeg    . . .      Spirit   .    c - +0 leather armour
rPois   .          Reflect  .    q - +1 helmet
rElec   .          Harm     .    (no cloak)
rCorr   .          Rampage  .    (no gloves)
Will    .....                    l - +0 pair of boots
Stlth   +++                      (no amulet)
HPRegen 0.31/turn                r - +6 ring of intelligence
MPRegen 0.13/turn                t - +6 ring of intelligence

@: very slightly contaminated, hasted, very quick
A: high MP 1, forlorn, divine attributes
a: no special abilities


You were on level 6 of the Dungeon.
You visited 1 branch of the dungeon, and saw 6 of its levels.

You collected 237 gold pieces.

Inventory:

Hand Weapons
 a - a +0 shortbow (weapon)
Missiles
 b - 7 poisoned darts
 d - 2 throwing nets
Armour
 c - a +0 leather armour (worn)
 l - a +0 pair of boots (worn)
 q - a +1 helmet (worn)
Jewellery
 e - an amulet of the acrobat
 g - a ring of ice
 i - a ring of willpower
 r - a +6 ring of intelligence (left hand)
 t - a +6 ring of intelligence (right hand)
Wands
 w - a wand of paralysis (2)
Scrolls
 f - a scroll of magic mapping
 m - 4 scrolls of teleportation
 y - a scroll of fog {unknown}
 A - a scroll of blinking {unknown}
Potions
 j - a potion of invisibility {unknown}
 k - a potion of attraction
 n - a potion of magic {unknown}
 o - a potion of resistance
 p - 2 potions of haste
 s - a potion of ambrosia {unknown}
 u - 2 potions of cancellation {unknown}
 v - a potion of might {unknown}
 x - 2 potions of curing {unknown}
 z - a potion of flight {unknown}


   Skills:
 + Level 4.7 Fighting
 + Level 5.7 Ranged Weapons
 + Level 4.7 Dodging
 + Level 4.7 Stealth
 + Level 1.7 Spellcasting
 + Level 1.8 Summonings


You had 7 spell levels left.
You knew the following spells:

 Your Spells              Type           Power      Damage    Failure   Level
a - Call Canine Familiar  Summ           10%        N/A       24%         3

Your spell library contained the following spells:

 Spells                   Type           Power      Damage    Failure   Level
 Summon Small Mammal      Summ           40%        N/A       8%          1
 Sandblast                Erth           2%         2d4       17%         1
 Blink                    Tloc           2%         N/A       26%         2
 Passwall                 Tmut/Erth      0%         N/A       26%         2
 Summon Guardian Golem    Hex/Summ       6%         N/A       34%         3
 Stone Arrow              Conj/Erth      2%         3d7       45%         3
 Manifold Assault         Tloc           1%         N/A       86%         4
 Storm Form               Tmut/Air       0%         N/A       100%        7


Dungeon Overview and Level Annotations

Branches:
Dungeon (6/15)
 Temple: D:4-7

Shops:
D:1 :*


Innate Abilities, Weirdness & Mutations

You have an increased reservoir of magic. (+10% MP)
You shall have no god before yourself.
Your divine heritage dramatically boosts your attributes as you level up.


Message History

The orc warrior hits you with a +0 flail!
You are too injured to fight recklessly!
You are too injured to fight recklessly!
You are too injured to fight recklessly!
You are too injured to fight recklessly!
You are too injured to fight recklessly!
You are too injured to fight recklessly!
You are too injured to fight recklessly!
You are too injured to fight recklessly!
You are too injured to fight recklessly!
You are too injured to fight recklessly!
You are too injured to fight recklessly!
Casting: Call Canine Familiar (dangerous; 24% risk of failure)
Confirm with . or Enter, or press ? or * to list all spells.
You miscast Call Canine Familiar.
You are very lightly contaminated with residual magic.
A fistful of eyes flickers past your view.
A nameless horror comes into view.
The orc warrior misses you.
Okay, then.
The orc warrior barely misses you.
You climb downwards.
The orc hits you with a +0 mace. The orc closely misses you.
There is a stone staircase leading up, spattered with blood here.
You feel yourself speed up.
The orc warrior hits you with a +0 flail!
* * * LOW HITPOINT WARNING * * *
You shoot an arrow. The arrow hits the orc.
The orc is almost dead.
The orc hits you with a +0 mace.
* * * LOW HITPOINT WARNING * * *
The orc barely misses you.
Casting: Call Canine Familiar (dangerous; 24% risk of failure)
Confirm with . or Enter, or press ? or * to list all spells.
You miscast Call Canine Familiar.
Desperate hands claw out at you.
A nameless horror comes into view.
The orc warrior misses you. The orc closely misses you. x2
The orc warrior hits you with a +0 flail!
You die...

#. .. .. .####
.... ..# #+#+#
..#####o#......
......o@oX.....
..########.....
... .


You could see a nameless horror, an orc warrior and 2 orcs.

Vanquished Creatures
  Sigmund (D:2)
  Eustachio (D:5)
  Menkaure (D:5)
  An ogre (D:4)
  2 phantoms
  Blork the orc (D:4)
  A scorpion (D:5)
  4 hounds
  3 orc priests
  Ijyb (D:3)
  Jessica (D:3)
  An iguana (D:4)
  3 orc wizards
  8 gnolls
  5 adders
  5 dart slugs
  3 worms
  7 orcs
  9 endoplasms
  A giant cockroach (D:1)
  6 goblins
  6 hobgoblins
  9 jackals
  3 quokkas
  10 ball pythons
  8 bats
  2 frilled lizards (D:1)
  9 kobolds
  6 rats
118 creatures vanquished.

Notes
Turn   | Place    | Note
-------+----------+-------------------------------------------
     0 | D:1      | purpskrrrp the Demigod Hunter began the quest for the Orb.
     0 | D:1      | Reached XP level 1. HP: 17/17 MP: 3/3
    13 | D:1      | Reached skill level 1 in Stealth
   104 | D:1      | You fall into a shaft and drop 1 floor!
   122 | D:2      | Reached XP level 2. HP: 20/24 MP: 4/4
   327 | D:2      | Noticed Sigmund
   333 | D:2      | Killed Sigmund
   334 | D:2      | Reached skill level 4 in Ranged Weapons
   334 | D:2      | Reached XP level 3. HP: 25/30 MP: 5/5
   334 | D:2      | Reached XP level 4. HP: 31/37 MP: 6/6
   334 | D:2      | Reached XP level 5. HP: 37/44 MP: 7/7
  1392 | D:1      | Found Hunin's Book Boutique.
  1437 | D:1      | Found Muaginir's Assorted Antiques.
  2193 | D:3      | Noticed Ijyb
  2201 | D:3      | Paralysed by Ijyb for 4 turns
  2209 | D:3      | Killed Ijyb
  2383 | D:3      | Noticed Jessica
  2388 | D:3      | Killed Jessica
  2397 | D:3      | Reached XP level 6. HP: 28/51 MP: 8/8
  2985 | D:4      | Reached skill level 5 in Ranged Weapons
  3141 | D:5      | Entered Level 5 of the Dungeon
  3316 | D:4      | Noticed Blork the orc
  3544 | D:3      | Reached XP level 7. HP: 41/58 MP: 9/9
  3615 | D:4      | Killed Blork the orc
  4249 | D:4      | Learned a level 3 spell: Call Canine Familiar
  4399 | D:4      | Noticed an Executioner
  5014 | D:5      | Reached skill level 1 in Summonings
  5160 | D:5      | Reached skill level 1 in Spellcasting
  5245 | D:5      | Noticed Eustachio
  5257 | D:5      | Killed Eustachio
  5258 | D:5      | Reached XP level 8. HP: 64/67 MP: 12/12
  5397 | D:5      | Noticed Menkaure
  5408 | D:5      | Killed Menkaure
  5647 | D:6      | Noticed a nameless horror
  5648 | D:6      | Slain by an orc warrior

Illustrated notes

Levels and vault maps discovered:
D:1:      dpeg_arrival_tiny_k, layout_loops_corners, serial_shops, shop,
          shop_fountains, serial_bayou_pond_c
D:2:      layout_loops_ring, grunt_ministairs_14, uniq_sigmund
D:3:      minmay_chambers_of_twos, layout_loops_ring, mainiacjoe_overflow_paths,
          uniq_ijyb, uniq_jessica
D:4:      layout_loops_ring, kennysheep_little_box, makhleb_altar_promises_db,
          uniq_blork_the_orc
D:5:      layout_loops_ring, uniq_menkaure, uniq_eustachio
D:6:      layout_basic, nicolae_wu_jian_wuxing_cycle,
          nicolae_overflow_hidden_temple, mainiacjoe_overflow_surrounded_room,
          serial_shops, nicolae_diamond_shop, uniq_crazy_yiuf_cottage

Skill      XL: |  1  2  3  4  5  6  7 |
---------------+----------------------+-----
Stealth        | 1 2 3 4 |  4.7
Fighting       | 2 3 4 |  4.7
Dodging        | 2 3 4 |  4.7
Ranged Weapons | 4 5 |  5.7
Summonings     | 1 |  1.8
Spellcasting   | 1 |  1.7

Action                   |  1- 3 |  4- 6 |  7- 9 || total
-------------------------+-------+-------+-------++-------
Melee: Shortbow          |       |       |     1 ||     1
 Fire: Shortbow          |    54 |   204 |   146 ||   404
 Cast: Call Canine Famil |       |       |     1 ||     1
  Use: Scroll            |       |     9 |       ||     9
       Potion            |       |     2 |     4 ||     6
Armor: Leather armour    |     7 |    59 |    22 ||    88
Dodge: Dodged            |     6 |   152 |    80 ||   238

Table legend: (Time is in decaauts)
 A = Elapsed time spent in this place.
 B = Non-inter-level travel time spent in this place.
 C = Inter-level travel time spent in this place.
 D = Time resting spent in this place.
 E = Time spent auto-exploring this place.
 F = Levels seen in this place.
 G = Mean time per level.
                   A        B        C        D        E       F      G
               +--------+--------+--------+--------+--------+-----+--------+
         Total |   5757 |   5321 |    436 |   1022 |   3181 |   6 |  959.5 |
       Dungeon |   5757 |   5321 |    436 |   1022 |   3181 |   6 |  959.5 |
               +--------+--------+--------+--------+--------+-----+--------+

Top non-repeatable levels by time:
     D:3: 1689 daAuts
     D:4: 1359 daAuts
     D:1: 919 daAuts
     D:5: 901 daAuts
     D:2: 872 daAuts
     D:6: 14 daAuts
